NTL
DULUTH-SUPERIOR DUKES @ SIOUX FALLS PACKERS
08/24/1982
 
TOP OF THE 1ST
Duluth-Superior Dukes batting - Pitching for Sioux Falls Packers : RHP Boyce Orosco
Pitching: RHP Boyce Orosco
Batting: RHB Ricky Sheetz 0-0: Ball
1-0: Ball
2-0: Foul Ball, location: 2F
2-1: Ball
3-1: Fly out, F9 (Flyball, 9LM, EV 98.8 MPH)
Batting: LHB Ralph Bryant 0-0: Ball
1-0: SINGLE (Flyball, 89S, EV 97.5 MPH)
Batting: LHB Ron Henika 0-0: Called Strike
0-1: Fielders Choice at 2nd, 4-6 (Groundball, 34D, EV 82.5 MPH)
Batting: RHB Dave Hengel 0-0: Called Strike
0-1: Ball
1-1: SINGLE (Groundball, 4D, EV 104.4 MPH)
Ron Henika to second
Runner from 2nd tries for 3rd, SAFE, throw by RF made to third
Batting: RHB Leo Vargas 0-0: Foul Ball, location: 2F
0-1: Ball
1-1: Called Strike
1-2: Foul Ball, location: 2F
1-2: Ball
2-2: Foul Ball, location: 2F
2-2: SINGLE (Groundball, 6D, EV 96.9 MPH)
Ron Henika scores
Dave Hengel to second
Batting: RHB Joseph Maloney 0-0: Foul Ball, location: 2F
0-1: Foul Ball, location: 2F
0-2: Foul Ball, location: 2F
0-2: Fly out, F8 (Line Drive, 8LM, EV 92.5 MPH)
Top of the 1st over - 1 run, 3 hits, 0 errors, 2 left on base; Duluth-Superior 1 - Sioux Falls 0
BOTTOM OF THE 1ST
Sioux Falls Packers batting - Pitching for Duluth-Superior Dukes : RHP William Mills
Pitching: RHP William Mills
Batting: RHB Javier Flores 0-0: Ball
1-0: Called Strike
1-1: Ball
2-1: Ball
3-1: Called Strike
3-2: Base on Balls
Batting: RHB Danny Huffstickler 0-0: Ball
1-0: Called Strike
1-1: Ball
2-1: Swinging Strike
2-2: Strikes out swinging
Batting: LHB Pedro Nunez 0-0: Ball
Javier Flores steals 2nd base
1-0: Foul Ball, location: 2F
1-1: Foul Ball, location: 2F
1-2: SINGLE (Groundball, 34D, EV 103.8 MPH)
Javier Flores to third
Runner from 3rd tries for Home, SAFE, throw by RF to home
Pedro Nunez to second
Batting: LHB Michael Wishnevski 0-0: Foul Ball, location: 2F
0-1: Ball
1-1: Ball
2-1: Ball
3-1: Called Strike
3-2: Strikes out swinging
Batting: RHB Kenneth Clayton 0-0: Fly out, F7 (Line Drive, 7, EV 91.3 MPH)
Bottom of the 1st over - 1 run, 1 hit, 0 errors, 1 left on base; Duluth-Superior 1 - Sioux Falls 1
TOP OF THE 2ND
Duluth-Superior Dukes batting - Pitching for Sioux Falls Packers : RHP Boyce Orosco
Batting: RHB Gary Hinson 0-0: Ball
1-0: Ground out 6-3 (Groundball, 56D, EV 90.0 MPH)
Batting: RHB Cecil Whitehead 0-0: Swinging Strike
0-1: Ground out 5-3 (Groundball, 56S, EV 85.6 MPH)
Batting: RHB Hector Cervantes 0-0: Ball
1-0: Called Strike
1-1: Ball
2-1: Foul Ball, location: 2F
2-2: Foul Ball, location: 2F
2-2: Fly out, F7 (Flyball, 7D, EV 99.4 MPH)
Top of the 2nd over - 0 runs, 0 hits, 0 errors, 0 left on base; Duluth-Superior 1 - Sioux Falls 1
BOTTOM OF THE 2ND
Sioux Falls Packers batting - Pitching for Duluth-Superior Dukes : RHP William Mills
Batting: LHB Michael Robbins 0-0: Ball
1-0: Foul Ball, location: 2F
1-1: Called Strike
1-2: Ball
2-2: SINGLE (Line Drive, 78M, EV 108.8 MPH)
Batting: RHB Brian Snitker 0-0: Ball
1-0: Called Strike
1-1: Swinging Strike
1-2: Foul Ball, location: 2F
1-2: Ball
2-2: Fly out, F5 (Flyball, 5D, EV 85.6 MPH)
Batting: RHB Ricky Jones 0-0: Ball
1-0: Ball
2-0: Called Strike
2-1: Swinging Strike
2-2: Ball
3-2: Foul Ball, location: 2F
3-2: Fly out, F7 (Flyball, 7LS, EV 89.4 MPH)
Batting: RHB Francisco Perez 0-0: Ball
1-0: Called Strike
1-1: Swinging Strike
1-2: Fielders Choice at 2nd, 5-4 (Groundball, 5L, EV 89.4 MPH)
Bottom of the 2nd over - 0 runs, 1 hit, 0 errors, 1 left on base; Duluth-Superior 1 - Sioux Falls 1
TOP OF THE 3RD
Duluth-Superior Dukes batting - Pitching for Sioux Falls Packers : RHP Boyce Orosco
Batting: RHB Ricky Sheetz 0-0: Called Strike
0-1: Ball
1-1: Foul Ball, location: 2F
1-2: Ball
2-2: Ball
3-2: Fly out, F8 (Line Drive, 8LD, EV 105.6 MPH)
Batting: LHB Ralph Bryant 0-0: Ground out 4-3 (Groundball, 4D, EV 95.6 MPH)
Batting: LHB Ron Henika 0-0: Swinging Strike
0-1: Called Strike
0-2: Foul Ball, location: 2F
0-2: Ball
1-2: Ball
2-2: SINGLE (Line Drive, 7S, EV 113.8 MPH)
Batting: RHB Dave Hengel 0-0: Ball
Ron Henika is caught stealing 2nd base 2-4
Top of the 3rd over - 0 runs, 1 hit, 0 errors, 0 left on base; Duluth-Superior 1 - Sioux Falls 1
BOTTOM OF THE 3RD
Sioux Falls Packers batting - Pitching for Duluth-Superior Dukes : RHP William Mills
Batting: RHB Javier Flores 0-0: Fly out, F8 (Line Drive, 8RM, EV 93.1 MPH)
Batting: RHB Danny Huffstickler 0-0: Ball
1-0: Ball
2-0: Foul Ball, location: 2F
2-1: Ball
3-1: Base on Balls
Batting: LHB Pedro Nunez 0-0: DOUBLE (Flyball, 89XD, EV 89.4 MPH)
Danny Huffstickler to third
Batting: LHB Michael Wishnevski 0-0: Ball
1-0: Foul Ball, location: 2F
1-1: Ball
2-1: Foul Ball, location: 2F
2-2: Fly out, F9 (Flyball, 89M, EV 91.9 MPH)
Batting: RHB Kenneth Clayton 0-0: Called Strike
0-1: Ball
1-1: Fly out, F7 (Line Drive, 7D, EV 100.6 MPH)
Bottom of the 3rd over - 0 runs, 1 hit, 0 errors, 2 left on base; Duluth-Superior 1 - Sioux Falls 1
TOP OF THE 4TH
Duluth-Superior Dukes batting - Pitching for Sioux Falls Packers : RHP Boyce Orosco
Batting: RHB Dave Hengel 0-0: Ball
1-0: Swinging Strike
1-1: Fly out, F8 (Line Drive, 8RD, EV 90.6 MPH)
Batting: RHB Leo Vargas 0-0: Swinging Strike
0-1: Ball
1-1: Ground out 6-3 (Groundball, 6, EV 100.0 MPH)
Batting: RHB Joseph Maloney 0-0: Ball
1-0: Called Strike
1-1: Foul Ball, location: 2F
1-2: Foul Ball, location: 2F
1-2: SINGLE (Flyball, 7S, EV 83.8 MPH)
Batting: RHB Gary Hinson 0-0: Called Strike
0-1: Ground out 1-3 (Groundball, 34S, EV 72.5 MPH)
Top of the 4th over - 0 runs, 1 hit, 0 errors, 1 left on base; Duluth-Superior 1 - Sioux Falls 1
BOTTOM OF THE 4TH
Sioux Falls Packers batting - Pitching for Duluth-Superior Dukes : RHP William Mills
Batting: LHB Michael Robbins 0-0: Ball
1-0: Foul Ball, location: 2F
1-1: Ball
2-1: Foul Ball, location: 2F
2-2: Foul Ball, location: 2F
2-2: Foul Ball, location: 2F
2-2: Ball
3-2: Ground out U3 (Groundball, 3, EV 99.4 MPH)
Batting: RHB Brian Snitker 0-0: Ball
1-0: Ground out U3 (Groundball, 13, EV 84.4 MPH)
Batting: RHB Ricky Jones 0-0: Foul Ball, location: 2F
0-1: Ball
1-1: SINGLE (Groundball, 25, EV 63.8 MPH) (infield hit)
Batting: RHB Francisco Perez 0-0: SINGLE (Groundball, 4MD, EV 101.3 MPH)
Ricky Jones to second
Runner from 2nd tries for 3rd, SAFE, no throw by CF
Batting: RHB Javier Flores 0-0: Ball
1-0: Swinging Strike
1-1: Ball
2-1: Foul Ball, location: 2F
2-2: Ball
3-2: Strikes out looking
Bottom of the 4th over - 0 runs, 2 hits, 0 errors, 2 left on base; Duluth-Superior 1 - Sioux Falls 1
TOP OF THE 5TH
Duluth-Superior Dukes batting - Pitching for Sioux Falls Packers : RHP Boyce Orosco
Batting: RHB Cecil Whitehead 0-0: Ground out 5-3 (Groundball, 56S, EV 88.1 MPH)
Batting: RHB Hector Cervantes 0-0: Foul Ball, location: 2F
0-1: Called Strike
0-2: Fly out, F8 (Flyball, 8RS, EV 85.0 MPH)
Batting: RHB Ricky Sheetz 0-0: Called Strike
0-1: Ball
1-1: Swinging Strike
1-2: Ball
2-2: Fly out, F8 (Line Drive, 8RM, EV 85.0 MPH)
Top of the 5th over - 0 runs, 0 hits, 0 errors, 0 left on base; Duluth-Superior 1 - Sioux Falls 1
BOTTOM OF THE 5TH
Sioux Falls Packers batting - Pitching for Duluth-Superior Dukes : RHP William Mills
Batting: RHB Danny Huffstickler 0-0: Called Strike
0-1: Foul Ball, location: 2F
0-2: Ball
1-2: Foul Ball, location: 2F
1-2: Foul Ball, location: 2F
1-2: SINGLE (Line Drive, 9LS, EV 95.6 MPH)
Batting: LHB Pedro Nunez 0-0: Foul Ball, location: 2F
0-1: Ball
1-1: Ball
2-1: Foul Ball, location: 2F
2-2: Ball
3-2: Foul Ball, location: 2F
3-2: DOUBLE (Line Drive, 5D, EV 95.0 MPH)
Danny Huffstickler to third
Danny Huffstickler scores
Batting: LHB Michael Wishnevski 0-0: Intentional Walk
Batting: RHB Kenneth Clayton 0-0: Ball
1-0: Ball
2-0: Grounds into double play, 5-4-3 (Groundball, 56S, EV 81.3 MPH)
Pedro Nunez to third
Batting: LHB Michael Robbins 0-0: Intentional Walk
Batting: RHB Brian Snitker 0-0: Ball
1-0: Foul Ball, location: 2F
1-1: Swinging Strike
1-2: Foul Ball, location: 2F
1-2: Strikes out looking
Bottom of the 5th over - 1 run, 2 hits, 0 errors, 2 left on base; Duluth-Superior 1 - Sioux Falls 2
TOP OF THE 6TH
Duluth-Superior Dukes batting - Pitching for Sioux Falls Packers : RHP Boyce Orosco
Batting: LHB Ralph Bryant 0-0: Foul Ball, location: 2F
0-1: Called Strike
0-2: Foul Ball, location: 2F
0-2: Fly out, F7 (Line Drive, 7D, EV 91.3 MPH)
Batting: LHB Ron Henika 0-0: Ball
1-0: Foul Ball, location: 2F
1-1: Ball
2-1: Foul Ball, location: 2F
2-2: Ball
3-2: SINGLE (Groundball, 4MD, EV 100.6 MPH)
Batting: RHB Dave Hengel 0-0: Called Strike
0-1: Fielders Choice at 2nd, 5-4 (Groundball, 25, EV 83.1 MPH)
Batting: RHB Leo Vargas 0-0: Foul Ball, location: 2F
0-1: Ball
1-1: Called Strike
1-2: Ball
2-2: Ball
3-2: Strikes out looking
Top of the 6th over - 0 runs, 1 hit, 0 errors, 1 left on base; Duluth-Superior 1 - Sioux Falls 2
BOTTOM OF THE 6TH
Sioux Falls Packers batting - Pitching for Duluth-Superior Dukes : RHP William Mills
Pitching: RHP Oscar Negron
Batting: RHB Ricky Jones 0-0: Foul Ball, location: 2F
0-1: Ground out 4-3 (Groundball, 4, EV 77.5 MPH)
Batting: RHB Francisco Perez 0-0: Ball
1-0: Ball
2-0: Called Strike
2-1: DOUBLE (Line Drive, 9LM, EV 106.9 MPH)
Batting: RHB Javier Flores 0-0: Foul Ball, location: 2F
0-1: Reached on error, E4 (Groundball, 4, EV 86.9 MPH)
Francisco Perez to third
Batting: RHB Danny Huffstickler 0-0: Foul Ball, location: 2F
0-1: Ball
1-1: Foul Ball, location: 2F
1-2: Foul Ball, location: 2F
1-2: Ground out 5-3 (Groundball, 5S, EV 69.4 MPH)
Javier Flores to second
Batting: LHB Pedro Nunez 0-0: Ball
1-0: Ball
2-0: Called Strike
2-1: SINGLE (Groundball, 4MD, EV 105.6 MPH)
Francisco Perez scores
Javier Flores to third
Runner from 3rd tries for Home, SAFE, throw by CF to home
Batting: LHB Michael Wishnevski 0-0: Ball
1-0: Ball
2-0: Called Strike
2-1: Foul Ball, location: 2F
2-2: Fly out, F7 (Line Drive, 7D, EV 106.9 MPH)
Bottom of the 6th over - 2 runs, 2 hits, 1 error, 1 left on base; Duluth-Superior 1 - Sioux Falls 4
TOP OF THE 7TH
Duluth-Superior Dukes batting - Pitching for Sioux Falls Packers : RHP Boyce Orosco
Batting: RHB Joseph Maloney 0-0: Foul Ball, location: 2F
0-1: Ball
1-1: Swinging Strike
1-2: Ball
2-2: Strikes out swinging
Batting: RHB Gary Hinson 0-0: Ball
1-0: Ball
2-0: Foul Ball, location: 2F
2-1: Foul Ball, location: 2F
2-2: Ball
3-2: Foul Ball, location: 2F
3-2: Foul Ball, location: 2F
3-2: SINGLE (Line Drive, 8LS, EV 102.5 MPH)
Batting: RHB Cecil Whitehead 0-0: Ball
1-0: Ball
2-0: Swinging Strike
2-1: Foul Ball, location: 2F
2-2: Foul Ball, location: 2F
2-2: Foul Ball, location: 2F
2-2: Strikes out swinging
Batting: RHB Hector Cervantes 0-0: Called Strike
0-1: Foul Ball, location: 2F
0-2: Ball
1-2: Ball
2-2: Foul Ball, location: 2F
2-2: Ground out 4-3 (Groundball, 34, EV 83.8 MPH)
Top of the 7th over - 0 runs, 1 hit, 0 errors, 1 left on base; Duluth-Superior 1 - Sioux Falls 4
BOTTOM OF THE 7TH
Sioux Falls Packers batting - Pitching for Duluth-Superior Dukes : RHP Oscar Negron
Batting: RHB Kenneth Clayton 0-0: Ball
1-0: Fly out, F8 (Line Drive, 8LM, EV 90.0 MPH)
Batting: LHB Michael Robbins 0-0: Foul Ball, location: 2F
0-1: Foul Ball, location: 2F
0-2: Ball
1-2: Foul Ball, location: 2F
1-2: Ball
2-2: Fly out, F5 (Popup, 5F, EV 71.3 MPH)
Batting: RHB Brian Snitker 0-0: Foul Ball, location: 2F
0-1: Ball
1-1: Swinging Strike
1-2: Ball
2-2: Ball
3-2: Strikes out swinging
Bottom of the 7th over - 0 runs, 0 hits, 0 errors, 0 left on base; Duluth-Superior 1 - Sioux Falls 4
TOP OF THE 8TH
Duluth-Superior Dukes batting - Pitching for Sioux Falls Packers : RHP Boyce Orosco
Batting: RHB Ricky Sheetz 0-0: Ball
1-0: Ball
2-0: Called Strike
2-1: Swinging Strike
2-2: Ball
3-2: Foul Ball, location: 2F
3-2: Foul Ball, location: 2F
3-2: Ground out 4-3 (Groundball, 4, EV 91.3 MPH)
Batting: LHB Ralph Bryant 0-0: Called Strike
0-1: Ball
1-1: Ground out 6-3 (Groundball, 6, EV 103.1 MPH)
Batting: LHB Ron Henika 0-0: Ball
1-0: Ball
2-0: Ball
3-0: Called Strike
3-1: Base on Balls
Batting: RHB Dave Hengel 0-0: Called Strike
0-1: Called Strike
0-2: Foul Ball, location: 2F
0-2: Ball
1-2: Foul Ball, location: 2F
1-2: Foul Ball, location: 2F
1-2: Fly out, F8 (Flyball, 8RD, EV 76.3 MPH)
Top of the 8th over - 0 runs, 0 hits, 0 errors, 1 left on base; Duluth-Superior 1 - Sioux Falls 4
BOTTOM OF THE 8TH
Sioux Falls Packers batting - Pitching for Duluth-Superior Dukes : RHP Oscar Negron
Batting: RHB Ricky Jones 0-0: Ball
1-0: Ball
2-0: Foul Ball, location: 2F
2-1: Foul Ball, location: 2F
2-2: Foul Ball, location: 2F
2-2: Strikes out swinging
Pitching: LHP Kenneth Lindsey
Batting: RHB Francisco Perez 0-0: Foul Ball, location: 2F
0-1: Called Strike
0-2: Fly out, F7 (Flyball, 7, EV 93.1 MPH)
Batting: RHB Javier Flores 0-0: Called Strike
0-1: Foul Ball, location: 2F
0-2: Ground out 4-3 (Groundball, 4, EV 88.8 MPH)
Bottom of the 8th over - 0 runs, 0 hits, 0 errors, 0 left on base; Duluth-Superior 1 - Sioux Falls 4
TOP OF THE 9TH
Duluth-Superior Dukes batting - Pitching for Sioux Falls Packers : RHP Boyce Orosco
Batting: RHB Leo Vargas 0-0: Fly out, F7 (Flyball, 7, EV 80.6 MPH)
Batting: RHB Joseph Maloney 0-0: Called Strike
0-1: Ball
1-1: Fly out, F8 (Flyball, 8LM, EV 80.0 MPH)
Batting: RHB Gary Hinson 0-0: Foul Ball, location: 2F
0-1: Ball
1-1: Fly out, F8 (Flyball, 8LM, EV 95.0 MPH)
Top of the 9th over - 0 runs, 0 hits, 0 errors, 0 left on base; Duluth-Superior 1 - Sioux Falls 4
Wednesday, August 26th, 2020 - OOTP Baseball 21.5 Build 76